 Dungeon Crawl Stone Soup version 0.22-a0-580-gd5db89c09a (webtiles) character file.

2106753 Blackbelt the Slayer (level 27, 191/211 HPs)
             Began as a Demonspawn Gladiator on June 28, 2018.
             Was the Champion of Ashenzari.
             Escaped with the Orb
             ... and 4 runes on July 2, 2018!
             The game lasted 08:01:23 (94629 turns).

Blackbelt the Slayer (Demonspawn Gladiator)        Turns: 94629, Time: 08:01:23

Health: 191/211    AC: 22    Str: 18    XL:     27
Magic:  43/45      EV: 26    Int: 11    God:    Ashenzari [******]
Gold:   3639       SH: 17    Dex: 21    Spells: 31/63 levels left

rFire    + + .     SeeInvis +   N - +9 demon blade (elec) (curse)
rCold    + + .     Gourm    .   G - +3 warlock's mirror {reflect} (curse)
rNeg     + + .     Faith    .   Z - +1 pearl dragon scales of Xom's Delight {rPois rN+ Regen+ Int+2 Dex-2} (curse)
rPois    +         Spirit   +   U - +0 hat of Sorurch {rF- rN+ MR++} (curse)
rElec    .         Reflect  +   M - scarf {rC+ rF+} (curse)
rCorr    +         Harm     .   (gloves unavailable)
MR       +++++     Clarity  +   T - +0 pair of boots "Qehonos" {rF+} (curse)
Stlth    ..........             z - +4 amulet of reflection (curse)
HPRegen  0.85/turn              m - ring of Eleomerph {Wiz rC+} (curse)
MPRegen  0.58/turn              L - ring of resist corrosion

@: no status effects
A: claws 3, talons 1, dopey 1, fire resistance 1, hurl damnation, frail 1, magic
resistance 1, mutation resistance 1, poison resistance, powered by death 3,
magic shield, magic regeneration, magic link, flame cloud immunity, subdued
magic 1, sturdy frame 3
0: Orb of Zot
}: 4/15 runes: decaying, slimy, silver, gossamer
a: Hurl Damnation, Curse Item, Scrying, Transfer Knowledge, Renounce Religion


You escaped.
You worshipped Ashenzari.
Ashenzari was exalted by your worship.
You were not hungry.

You visited 12 branches of the dungeon, and saw 58 of its levels.
You visited the Abyss 1 time.
You visited 1 bazaar.
You also visited: Ice Cave and Wizlab.

You collected 13545 gold pieces.
You spent 9906 gold pieces at shops.

Inventory:

Hand Weapons
 F - the +11 plutonium sword {*Contam Stlth-}
   (You took it off a deep elf sorcerer on level 3 of the Elven Halls)

   It causes magical contamination when unequipped.
   It makes you less stealthy.
 N - a cursed +9 demon blade of electrocution (weapon)
Missiles
 a - 3 throwing nets (quivered)
Armour
 G - the cursed +3 warlock's mirror (worn) {reflect}
   (You found it on level 1 of the Vaults)

   It has a curse placed upon it.
 M - a cursed scarf of resistance (worn)
 T - the cursed +0 pair of boots "Qehonos" (worn) {rF+}
   (You found it on level 3 of the Crypt)

   It protects you from fire.
   It has a curse placed upon it.
 U - the cursed +0 hat of Sorurch (worn) {rF- rN+ MR++}
   (You acquired it on level 2 of the Depths)

   It makes you vulnerable to fire.
   It protects you from negative energy.
   It affects your resistance to hostile enchantments.
   It has a curse placed upon it.
 Z - the cursed +1 pearl dragon scales of Xom's Delight (worn) {rPois rN+ Regen+ Int+2 Dex-2}
   (You bought it in a shop on level 2 of the Elven Halls)

   It affects your intelligence (+2).
   It affects your dexterity (-2).
   It protects you from poison.
   It protects you from negative energy.
   It increases your rate of regeneration.
   It has a curse placed upon it.
Jewellery
 m - the cursed ring of Eleomerph (left claw) {Wiz rC+}
   (You found it on level 15 of the Dungeon)

   [ring of wizardry]

   It improves your spell success rate.
   It protects you from cold.
   It has a curse placed upon it.
 t - an uncursed ring of protection from cold
 z - a cursed +4 amulet of reflection (around neck)
 A - the ring of Mieremeor {rPois rF+ MR+ Stlth+}
   (You took it off a centaur on level 6 of the Dungeon)

   [ring of stealth]

   It protects you from fire.
   It protects you from poison.
   It affects your resistance to hostile enchantments.
   It makes you more stealthy.
 L - a ring of resist corrosion (right claw)
 W - the ring of Tejeon {rN+ Str+2}
   (You found it in an ice cave)

   [ring of positive energy]

   It affects your strength (+2).
   It protects you from negative energy.
Wands
 b - a wand of polymorph (24)
 d - a wand of clouds (4)
 y - a wand of scattershot (31)
 J - a wand of digging (15)
 O - a wand of acid (13)
 V - a wand of iceblast (29)
Scrolls
 e - 12 scrolls of teleportation
 i - 6 scrolls of remove curse
 j - 10 scrolls of amnesia
 l - 14 scrolls of enchant armour
 r - 7 scrolls of blinking
 s - 18 scrolls of magic mapping
 v - 2 scrolls of summoning
 w - 48 scrolls of identify
 B - 17 scrolls of immolation
 D - 3 scrolls of holy word
 H - 10 scrolls of fog
 R - 7 scrolls of fear
 X - 2 scrolls of enchant weapon
Potions
 c - 3 potions of invisibility
 g - 31 potions of curing
 h - a potion of haste
 k - 3 potions of resistance
 o - 6 potions of agility
 u - 4 potions of mutation
 x - 4 potions of cancellation
 E - a potion of flight
 I - 9 potions of lignification
 K - 6 potions of heal wounds
 P - 5 potions of magic
 Q - 6 potions of might
 Y - 7 potions of berserk rage
Miscellaneous
 n - a lamp of fire
 q - 2 phantom mirrors
Comestibles
 f - 59 rations


   Skills:
 - Level 23.0 Fighting
 - Level 20.0(23.5) Long Blades
   Level 11.3 Maces & Flails
 - Level 1.7 Throwing
 - Level 18.1(21.8) Armour
 - Level 16.4(20.2) Dodging
 - Level 16.1(18.6) Shields
 + Level 18.8 Spellcasting
 - Level 10.1(12.9) Conjurations
 - Level 12.5(15.2) Necromancy
 - Level 13.9(16.5) Ice Magic
 - Level 11.7(14.4) Air Magic


You had 31 spell levels left.
You knew the following spells:

 Your Spells              Type           Power        Failure   Level  Hunger
a - Bolt of Cold          Conj/Ice       ####......   1%          6    ######.
b - Ozocubu's Refrigerat  Ice            #####.....   1%          6    ######.
c - Freezing Cloud        Conj/Ice/Air   ####......   1%          6    ######.
d - Blink                 Tloc           N/A          2%          2    None
e - Silence               Hex/Air        ###.......   2%          5    ####...
f - Throw Icicle          Conj/Ice       ####....     1%          4    ##.....
g - Regeneration          Chrm/Necr      ###.......   1%          3    None

Your spell library contained the following spells:

 Spells                   Type           Power        Failure   Level  Hunger
 Cause Fear               Hex            #.........   17%         4    ##.....
 Magic Dart               Conj           ####         0%          1    None
 Fireball                 Conj/Fire      ###.......   3%          5    ####...
 Apportation              Tloc           #.....       1%          1    None
 Conjure Flame            Conj/Fire      ###.....     1%          3    None
 Bolt of Fire             Conj/Fire      ###.......   21%         6    ######.
 Lightning Bolt           Conj/Air       ####......   1%          5    ####...
 Bolt of Magma            Conj/Fire/Erth ###.......   9%          5    ####...
 Slow                     Hex            #.......     2%          2    None
 Confuse                  Hex            #.......     5%          3    None
 Invisibility             Hex            #.......     94%         6    ######.
 Throw Flame              Conj/Fire      ###...       1%          2    None
 Throw Frost              Conj/Ice       ####..       0%          2    None
 Mephitic Cloud           Conj/Pois/Air  ###.....     1%          3    None
 Ring of Flames           Chrm/Fire      #.........   100%        7    #######
 Venom Bolt               Conj/Pois      ###.......   3%          5    ####...
 Olgreb's Toxic Radiance  Pois           #.......     17%         4    ##.....
 Teleport Other           Tloc           #.......     5%          3    None
 Summon Small Mammal      Summ           #...         1%          1    None
 Bolt of Draining         Conj/Necr      ####......   1%          5    ####...
 Lehudib's Crystal Spear  Conj/Erth      ###.......   100%        8    #######
 Fire Storm               Conj/Fire      ###.......   100%        9    #######
 Iskenderun's Mystic Bla  Conj           ####....     1%          4    ##.....
 Summon Horrible Things   Summ           #.........   100%        8    #######
 Animate Dead             Necr           N/A          1%          4    ##.....
 Pain                     Necr           ####         0%          1    None
 Animate Skeleton         Necr           N/A          0%          1    None
 Vampiric Draining        Necr           ####......   0%          3    None
 Freeze                   Ice            ####         0%          1    None
 Sticky Flame             Conj/Fire      ###.....     1%          4    ##.....
 Summon Ice Beast         Ice/Summ       ###.....     1%          4    ##.....
 Ozocubu's Armour         Chrm/Ice       ###.....     1%          3    None
 Call Imp                 Summ           #.......     2%          2    None
 Dispel Undead            Necr           ####....     1%          5    ####...
 Poison Arrow             Conj/Pois      ###.......   21%         6    ######.
 Sting                    Conj/Pois      ###.         1%          1    None
 Sublimation of Blood     Necr           ####......   0%          2    None
 Tukima's Dance           Hex            #.......     5%          3    None
 Summon Greater Demon     Summ           #.........   100%        7    #######
 Corpse Rot               Necr           N/A          0%          2    None
 Iron Shot                Conj/Erth      ###.......   21%         6    ######.
 Stone Arrow              Conj/Erth      ###...       1%          3    None
 Shock                    Conj/Air       ####         0%          1    None
 Swiftness                Chrm/Air       ###.....     1%          2    None
 Recall                   Summ/Tloc      N/A          5%          3    None
 Agony                    Necr           ####....     1%          5    ####...
 Spider Form              Tmut/Pois      #.........   5%          3    None
 Blade Hands              Tmut           #.........   43%         5    ####...
 Statue Form              Tmut/Erth      #........    94%         6    ######.
 Ice Form                 Ice/Tmut       ###.....     1%          4    ##.....
 Dragon Form              Tmut           #.........   100%        7    #######
 Death Channel            Necr           ####......   1%          6    ######.
 Deflect Missiles         Chrm/Air       ###.......   16%         6    ######.
 Glaciate                 Conj/Ice       ####......   99%         9    #######
 Airstrike                Air            ####......   1%          4    ##.....
 Confusing Touch          Hex            #.....       1%          1    None
 Flame Tongue             Conj/Fire      ###..        1%          1    None
 Passwall                 Tmut/Erth      #.......     2%          2    None
 Ignite Poison            Fire/Tmut/Pois #.......     5%          3    None
 Sticks to Snakes         Tmut           #.......     2%          2    None
 Call Canine Familiar     Summ           #.......     5%          3    None
 Metabolic Englaciation   Hex/Ice        ###.......   1%          5    ####...
 Summon Butterflies       Summ           #.......     1%          1    None
 Shatter                  Erth           #.........   100%        9    #######
 Static Discharge         Conj/Air       ####....     1%          3    None
 Alistair's Intoxication  Tmut/Pois      #.......     43%         5    ####...
 Lee's Rapid Deconstruct  Erth           #.........   43%         5    ####...
 Sandblast                Erth           #.....       1%          1    None
 Simulacrum               Ice/Necr       ####......   1%          6    ######.
 Conjure Ball Lightning   Conj/Air       ####......   1%          6    ######.
 Chain Lightning          Conj/Air       ####......   45%         8    #######
 Excruciating Wounds      Chrm/Necr      ###.......   2%          5    ####...
 Monstrous Menagerie      Summ           #.........   100%        7    #######
 Petrify                  Tmut/Erth      #.......     17%         4    ##.....
 Passage of Golubria      Tloc           N/A          17%         4    ##.....
 Malign Gateway           Summ/Tloc      #.........   100%        7    #######
 Tornado                  Air            ####......   99%         9    #######
 Leda's Liquefaction      Hex/Erth       #.........   17%         4    ##.....
 Summon Hydra             Summ           #.........   100%        7    #######
 Darkness                 Hex            #.........   94%         6    ######.
 Shroud of Golubria       Chrm/Tloc      #.........   2%          2    None
 Inner Flame              Hex/Fire       #.......     5%          3    None
 Beastly Appendage        Tmut           #.....       1%          1    None
 Iskenderun's Battlesphe  Conj/Chrm      ###.....     3%          5    ####...
 Fulminant Prism          Conj/Hex       ###.......   1%          4    ##.....
 Dazzling Spray           Conj/Hex       ###...       1%          3    None
 Force Lance              Conj/Tloc      ###.....     1%          4    ##.....
 Infusion                 Chrm           #...         1%          1    None
 Song of Slaying          Chrm           #.......     2%          2    None
 Spectral Weapon          Hex/Chrm       #.......     5%          3    None
 Searing Ray              Conj           ####..       0%          2    None
 Discord                  Hex            #.........   100%        8    #######
 Summon Forest            Summ/Tloc      #.........   43%         5    ####...
 Summon Lightning Spire   Summ/Air       ###.....     1%          4    ##.....
 Summon Guardian Golem    Hex/Summ       #.......     5%          3    None
 Dragon's Call            Summ           #.........   100%        9    #######
 Summon Mana Viper        Hex/Summ       #.......     43%         5    ####...
 Hydra Form               Tmut           #.........   94%         6    ######.
 Irradiate                Conj/Tmut      ###.......   3%          5    ####...
 Gell's Gravitas          Tloc           #.........   5%          3    None
 Yara's Violent Unravell  Hex/Tmut       #.........   43%         5    ####...
 Lesser Beckoning         Tloc           #.........   5%          3    None
 Poisonous Vapours        Pois/Air       ###...       1%          2    None
 Ignition                 Fire           #.........   100%        8    #######
 Borgnjor's Vile Clutch   Necr/Erth      ###.......   2%          5    ####...


Dungeon Overview and Level Annotations

Branches:
Dungeon (15/15)            Temple (1/1) D:7            Lair (6/6) D:11
  Swamp (4/4) Lair:4       Spider (4/4) Lair:4        Slime (5/5) Lair:5
    Orc (2/2) D:12            Elf (3/3) Orc:2        Vaults (5/5) D:14
  Crypt (3/3) Vaults:3       Tomb (0/3) Crypt:3      Depths (5/5) D:15
    Zot (5/5) Depths:5

Altars:
Ashenzari
Cheibriados
Dithmenos
Elyvilon
Fedhas
Gozag
Hepliaklqana
Kikubaaqudgha
Makhleb
Nemelex Xobeh
Okawaru
Qazlal
Ru
Sif Muna
Trog
Uskayaw
Vehumet
Xom
Yredelemnul
Zin
The Shining One
Beogh
Jiyva

Shops:
D:9 *[   D:10 }   Orc:1 !   Orc:2 %?!}   Elf:2 [   Vaults:4 *   Depths:1 :

Portals:
Hell: Depths:1 Depths:2 Depths:3 Depths:4 Depths:5
Abyss: Depths:1 Depths:4
Pandemonium: Depths:3 Depths:4
Ziggurat: Depths:3

Annotations:
D:2 exclusion: oklob plant
Lair:5 3 runed doors, aragog127's ghost, journeyman GrFi
Zot:2 2 transporters, Eti Unetaam's ghost, legendary SpEn


Innate Abilities, Weirdness & Mutations

You have claws for hands.
Your flesh is heat resistant. (rF+)
You can hurl damnation.
You regenerate a lot of health from kills.
When hurt, damage is shared between your health and your magic reserves.
You regenerate magic rapidly.
When low on magic, you restore magic in place of health.
You are immune to clouds of flame.
Your movements are significantly less encumbered by armour. (ER -6)
You have sharp toenails.
You are dopey. (Int -2)
You are frail. (-10% HP)
You are resistant to hostile enchantments. (MR+)
You are somewhat resistant to further mutation.
Your system is resistant to poisons. (rPois)
Your spells are a little easier to cast, but a little less powerful.


Message History

You see here a +0 club.
A smoke demon comes into view.
The smoke demon moves out of view.
A hell hog comes into view.
The hell hog breathes fire at you.
The fireball explodes!
The fireball engulfs you! You resist. The smoke demon gestures at you.
Your cursed +3 warlock's mirror {reflect} reflects the sticky flame!
The sticky flame hits the smoke demon.
The smoke demon resists.
You hear an angry squeal.
The hell hog breathes fire at you.
The fireball explodes!
The fireball engulfs you! You resist.
You hear an angry squeal.
The hell hog breathes fire at you.
The fireball explodes!
The fireball engulfs you! You resist. The smoke demon gestures at you.
The ball of steam hits the hell hog.
The hell hog resists.
The ball of steam hits you! You resist.
There is a staircase leading out of the dungeon here.
You have escaped!

........# #.###[..#.#.#####.####
.......## #.# #...#.#.#####.#..†
.....#.# #.# #...#.#.......#.#.
######)# #.# #####.#....#..#.#.
#.# #.# #.#.##.#..#.#. #.#####÷#
#.#.......####
######.#..†..#######.............
....##.#.######............#.#.##
....##.#.....##.@..........#.#.##
....##.#####.##.h#######..##.#..[
...[##.# #....§##...##..##.#.#.
....##.# #.#..§#.'##.#..##.#...
##.###.# #.#..{#.#⌠#.#..##.#.#.
.#.# #.#####.##.3#.###.#..##.#...
.#.# #.....#.##..##...##...#.####
.#.######........###'###.......#
........#..#........3.....#....#


You could see a hell hog.

Vanquished Creatures
  the Royal Jelly (Slime:5)
  3 orbs of fire (Zot:5)
  Mara (Spider:4)
  A juggernaut (Depths:3)
  8 ancient liches
  Sojobo (Vaults:5)
  A shard shrike (Depths:4)
  Bai Suzhen (Vaults:4)
  Saint Roka (Elf:2)
  A curse toe (Zot:1)
  3 Killer Klowns
  A caustic shrike (Depths:3)
  Jory (Crypt:3)
  A profane servitor (Crypt:3)
  5 golden dragons
  Nikola (Spider:1)
  2 bone dragons
  A hellephant (Depths:3)
  Jorgrun (Crypt:2)
  16 tentacled monstrosities
  7 electric golems
  4 liches
  26 Orb Guardians
  2 deep elf blademasters (Elf:3)
  7 quicksilver dragons
  A deep elf master archer (Elf:3)
  7 sphinxes
  21 titans
  14 acid blobs
  The ghost of Leguhor the Peltast, an adept MiFi of Okawaru (Spider:3)
  Frances (D:14)
  10 death cobs
  A tentacled starspawn (Abyss:1)
  Kirke (Lair:4)
  10 tengu reavers
  An ancient champion (Crypt:3)
  2 thorn hunters
  15 shadow dragons
  Roxanne (D:14)
  28 storm dragons
  7 draconian monks
  Donald (Elf:2)
  13 azure jellies
  2 revenants
  8 deep elf sorcerers
  4 iron dragons
  12 fire giants
  9 frost giants
  12 vault wardens
  A curse skull (Crypt:2)
  5 emperor scorpions
  7 ghost moths
  10 draconian scorchers
  8 draconian knights
  2 deep elf elementalists (Elf:3)
  6 ghouls
  Louise (Elf:1)
  8 draconian annihilators
  7 draconian shifters
  16 ironheart preservers
  2 spriggan defenders
  5 draconian stormcallers
  The ghost of PikkenKukken the Covert, a journeyman KoBe of Trog (D:11)
  19 stone giants
  14 vampire knights
  34 very ugly things
  A war gargoyle (Vaults:5)
  Nessos (D:13)
  7 deep elf demonologists
  5 entropy weavers
  13 green draconians
  5 deep elf annihilators
  7 black draconians
  25 purple draconians
  18 white draconians
  2 minotaurs
  11 spark wasps
  9 statues (WizLab)
  Snorg (Lair:5)
  The ghost of Qeuwynou the Spear-Bearer, a journeyman MiFi of Uskayaw (Spider:2)
  3 eidola
  Azrael (D:14)
  12 yellow draconians
  15 ettins
  13 red draconians
  8 deep elf death magi
  Josephine (Orc:1)
  24 jiangshi
  5 death oozes (Slime:5)
  A merfolk impaler (Depths:1)
  Erolcha (D:11)
  10 fire dragons
  10 deep elf high priests
  15 great orbs of eyes
  15 yaktaur captains
  30 vault guards
  An ice dragon (shapeshifter) (Vaults:3)
  3 ghost crabs
  15 ice dragons
  2 spriggan air magi
  24 hydras
  3 catoblepae
  6 rakshasas
  17 centaur warriors
  2 two-headed ogres (shapeshifter)
  24 dancing weapons
  A satyr (Depths:2)
  2 queen ants
  47 two-headed ogres
  4 deep troll earth magi
  9 tengu warriors
  A queen ant (shapeshifter) (Vaults:1)
  6 death yaks
  4 alligators
  An alligator snapping turtle (Vaults:1)
  17 ogre magi
  The ghost of loom the Grappler, a novice DrTm (D:9)
  10 death knights
  8 deep troll shamans
  3 orc high priests (Orc:2)
  A soul eater (Crypt:1)
  A thrashing horror (Abyss:1)
  5 spriggan berserkers
  6 vampire magi
  22 deep elf knights
  Urug (D:13)
  The ghost of neozumm the Basher, a novice GrFi of Trog (D:9)
  A fire crab (Vaults:3)
  2 wretched stars (Abyss:1)
  9 shadow wraiths
  24 skeletal warriors
  4 iron trolls
  8 glowing orange brains
  A deep troll (shapeshifter) (Vaults:5)
  An anaconda zombie (Crypt:1)
  2 wizards
  A sea snake (shapeshifter) (Vaults:1)
  24 deep trolls
  6 unseen horrors
  13 swamp dragons
  3 lindwurms
  5 shambling mangroves
  11 phantasmal warriors
  8 ironbrand convokers
  Pikel (D:4)
  7 flayed ghosts
  A shadow dragon zombie (Crypt:1)
  16 orc knights
  29 wolf spiders
  4 necromancers
  A sphinx zombie (Crypt:2)
  12 deep elf archers
  A mana viper (Vaults:3)
  A faun (shapeshifter) (Depths:4)
  12 orb spiders
  8 harpies
  2 manticores
  80 ugly things
  31 moths of wrath
  8 orc sorcerers
  3 cyclopes
  99 deep elf magi
  2 salamanders
  A spectral ettin (Crypt:3)
  4 shining eyes
  A frost giant skeleton (Crypt:1)
  10 black mambas
  A black mamba (shapeshifter) (Depths:1)
  13 elephants
  A guardian serpent (Lair:6)
  6 rust devils
  A dire elephant zombie (Crypt:1)
  23 vault sentinels
  4 ice statues
  A smoke demon (Abyss:1)
  3 centaur skeletons
  2 eyes of devastation
  8 torpor snails
  A shock serpent skeleton (Crypt:1)
  A spectral iron troll (Crypt:2)
  4 gargoyles
  20 spiny frogs
  57 yaktaurs
  A komodo dragon (shapeshifter) (D:11)
  2 kobold demonologists
  15 freezing wraiths
  12 komodo dragons
  6 efreet
  A hellwing (Abyss:1)
  A jumping spider (shapeshifter) (D:13)
  3 spectral deep trolls (Crypt:2)
  2 ice devils (Lair:4)
  13 demonic crawlers
  A white draconian skeleton (Abyss:1)
  3 meliai (shapeshifter)
  2 trolls (shapeshifter)
  8 trolls
  3 meliai
  A merfolk (shapeshifter) (Elf:2)
  A red devil (D:5)
  6 tengu conjurers
  A wind drake (shapeshifter) (Vaults:2)
  2 wind drakes
  Grinder (D:6)
  A catoblepas skeleton (Crypt:1)
  A hornet (shapeshifter) (D:15)
  32 jumping spiders
  3 polar bears
  2 queen bees
  8 tyrant leeches
  3 merfolk
  A blink frog (shapeshifter) (D:14)
  25 blink frogs
  15 bog bodies
  2 tyrant leeches (shapeshifter)
  A fire dragon zombie (Crypt:3)
  44 hornets
  93 slime creatures
  12 hippogriffs
  A hippogriff (shapeshifter) (Vaults:5)
  A snapping turtle (Spider:3)
  An alligator zombie (Crypt:2)
  A dream sheep (shapeshifter) (Vaults:5)
  6 dream sheep (Lair:6)
  12 water elementals
  Sigmund (D:6)
  6 small abominations
  52 flying skulls (Crypt:3)
  2 redbacks (shapeshifter)
  84 redbacks
  6 shadows
  19 wyverns
  5 vampires
  An alligator skeleton (Crypt:1)
  47 yaks
  11 spriggans
  4 large abominations
  An ice dragon skeleton (Crypt:1)
  30 fire elementals
  10 wraiths
  A wyvern (shapeshifter) (Depths:3)
  2 hogs (shapeshifter)
  27 tarantellas
  A chaos spawn (Abyss:1)
  2 fire bats (Depths:2)
  A golden eye (shapeshifter) (Vaults:1)
  2 steam dragons
  4 golden eyes (Slime:3)
  A basilisk (shapeshifter) (D:15)
  A neqoxec (Abyss:1)
  31 vampire mosquitoes
  A basilisk (Lair:2)
  A hungry ghost (D:14)
  9 soldier ants
  19 swamp worms
  An infernal demonspawn zombie (Crypt:2)
  5 wargs
  20 insubstantial wisps
  Edmund (D:6)
  25 water moccasins
  A soldier ant (shapeshifter) (D:8)
  4 acid dragons
  A merfolk skeleton (Crypt:2)
  11 porcupines
  A porcupine (shapeshifter) (Depths:1)
  12 swamp drakes
  4 hell hounds (D:14)
  37 orc warriors
  2 black bears
  10 ice beasts
  An ice beast (shapeshifter) (Vaults:4)
  A slave (D:4)
  8 starcursed masses (Abyss:1)
  7 eyes of draining
  6 phantoms
  3 sky beasts
  A fire dragon simulacrum (Crypt:3)
  6 necrophages
  An ettin simulacrum (Crypt:3)
  2 wolves
  3 eyes of draining (shapeshifter)
  A lindwurm skeleton (Crypt:1)
  39 ogres
  13 boggarts
  A crocodile (shapeshifter) (D:15)
  19 crocodiles
  A centaur (shapeshifter) (Vaults:2)
  19 centaurs
  3 big kobolds
  16 bullfrogs
  A gnoll sergeant (D:11)
  Blork the orc (D:6)
  2 earth elementals (Elf:2)
  3 wyvern skeletons
  A water moccasin zombie (D:6)
  6 scorpions
  78 killer bees
  5 electric eels
  4 howler monkeys
  A wight (D:11)
  2 centaur zombies
  3 bullfrog zombies
  4 crimson imps
  A basilisk zombie (Crypt:2)
  6 hounds
  3 quasits
  11 jellies
  24 orc priests
  A gnoll shaman (D:8)
  2 iron imps (Abyss:1)
  11 iguanas
  Terence (D:2)
  6 bullfrog skeletons
  A hell rat (Lair:4)
  30 orc wizards
  32 worker ants
  2 crocodile skeletons
  A hound zombie (D:5)
  3 hound skeletons
  2 worker ant zombies
  A howler monkey zombie (D:8)
  7 gnolls
  2 howler monkey skeletons
  20 adders
  5 shadow imps
  A white imp (Abyss:1)
  3 ufetubi
  8 oozes
  An adder skeleton (D:6)
  3 worms (D:3)
  2 dart slugs (D:1)
  3 leopard geckos
  120 orcs
  11 bats
  5 giant cockroaches
  9 goblins
  15 hobgoblins
  6 jackals
  5 quokkas
  A ball python zombie (Crypt:1)
  A frilled lizard (D:1)
  A jackal skeleton (D:4)
  14 kobolds
  2 leopard gecko skeletons (D:4)
  A quokka skeleton (Crypt:1)
  A quokka zombie (D:8)
  9 rats
  6 briar patches (Swamp:4)
  A plant (Lair:6)
3076 creatures vanquished.

Vanquished Creatures (others)
  A ghost moth (Zot:4)
  A frost giant (Depths:5)
  2 very ugly things (Depths:5)
  A red draconian (Zot:2)
  A yaktaur captain (Vaults:5)
  A centaur warrior (D:14)
  3 deep elf knights
  A deep troll (Vaults:5)
  A deep elf archer (Elf:1)
  2 deep elf magi
  3 yaktaurs
  A hornet (Swamp:4)
  A tyrant leech (Swamp:1)
  3 water elementals
  A wyvern (Lair:4)
  A human (Lair:4)
  A tarantella (Spider:1)
  A neqoxec (Abyss:1)
  A boggart (Vaults:1)
  2 centaurs (Vaults:3)
  A crocodile (shapeshifter) (Vaults:5)
  A bullfrog (D:15)
  An orc wizard (D:7)
  A hound simulacrum (D:11)
  3 orcs
  A kobold (D:14)
  A briar patch (Swamp:3)
  33 fungi
  A lurking horror (Abyss:1)
  43 plants
  5 starspawn tentacles (Abyss:1)
  3 withered plants (D:9)
123 creatures vanquished.

Grand Total: 3199 creatures vanquished

Notes
Turn   | Place    | Note
-------+----------+-------------------------------------------
     0 | D:1      | Blackbelt the Demonspawn Gladiator began the quest for the Orb.
     0 | D:1      | Reached XP level 1. HP: 16/16 MP: 1/1
   348 | D:1      | Gained mutation: Your movements are slightly less encumbered by armour. (ER -2) [demonic ancestry]
   348 | D:1      | Reached XP level 2. HP: 20/22 MP: 2/2
   893 | D:1      | Gained mutation: Your movements are less encumbered by armour. (ER -4) [demonic ancestry]
   893 | D:1      | Reached XP level 3. HP: 27/27 MP: 3/3
  1528 | D:2      | Gained mutation: Your movements are significantly less encumbered by armour. (ER -6) [demonic ancestry]
  1528 | D:2      | Reached XP level 4. HP: 29/33 MP: 4/4
  1536 | D:2      | Noticed Terence
  1546 | D:2      | Killed Terence
  1550 | D:2      | Reached skill level 5 in Maces & Flails
  1726 | D:2      | Found a sparkling altar of Nemelex Xobeh.
  1780 | D:2      | Found a blossoming altar of Fedhas.
  1806 | D:2      | Noticed an oklob plant
  1952 | D:2      | Found a stormy altar of Qazlal.
  2383 | D:3      | Gained mutation: You have sharp fingernails. [demonic ancestry]
  2383 | D:3      | Reached XP level 5. HP: 38/38 MP: 5/5
  2890 | D:3      | Found a faded altar of an unknown god.
  3091 | D:4      | Reached XP level 6. HP: 44/44 MP: 6/6
  3172 | D:4      | Found an iron altar of Okawaru.
  3266 | D:4      | Noticed a slave
  3293 | D:4      | Killed a slave
  3443 | D:4      | Noticed Pikel
  3443 | D:4      | Noticed a slave
  3443 | D:4      | Noticed a slave
  3443 | D:4      | Noticed a slave
  3450 | D:4      | Killed Pikel
  3450 | D:4      | Gained mutation: When hurt, damage is shared between your health and your magic reserves. [demonic ancestry]
  3450 | D:4      | Reached XP level 7. HP: 50/50 MP: 7/7
  4107 | D:5      | Entered Level 5 of the Dungeon
  4158 | D:5      | Gained mutation: You have very sharp fingernails. [demonic ancestry]
  4158 | D:5      | Reached XP level 8. HP: 51/55 MP: 8/8
  4217 | D:5      | Found a basalt altar of Yredelemnul.
  4217 | D:5      | Found a snail-covered altar of Cheibriados.
  4222 | D:5      | Found a faded altar of an unknown god.
  4224 | D:5      | Found a burning altar of Makhleb.
  4226 | D:5      | Found a glowing golden altar of the Shining One.
  4682 | D:5      | Reached skill level 10 in Maces & Flails
  5235 | D:6      | Noticed Blork the orc
  5258 | D:6      | Killed Blork the orc
  5258 | D:6      | Gained mutation: You have claws for hands. [demonic ancestry]
  5258 | D:6      | Reached XP level 9. HP: 26/60 MP: 4/9
  5327 | D:6      | Got a slimy lead ring
  5332 | D:6      | Identified the ring of Mieremeor {rPois rF+ MR+ Stlth+} (You took it off a centaur on level 6 of the Dungeon)
  5396 | D:6      | Noticed Sigmund
  5402 | D:6      | Killed Sigmund
  5746 | D:6      | Noticed Grinder
  5759 | D:6      | Killed Grinder
  5800 | D:6      | Noticed Edmund
  5818 | D:6      | Killed Edmund
  6060 | D:6      | Reached skill level 1 in Armour
  6591 | D:7      | Found a staircase to the Ecumenical Temple.
  6600 | Temple   | Entered the Ecumenical Temple
  6624 | Temple   | Became a worshipper of Ashenzari the Shackled
  6832 | D:7      | Reached skill level 5 in Armour
  6836 | D:7      | Got the uncursed pair of gloves "Xoyjuerph" {-Cast Str+3 Dex+6}
  7426 | D:8      | Gained mutation: You regenerate a little health from kills. [demonic ancestry]
  7426 | D:8      | Reached XP level 10. HP: 66/66 MP: 10/10
  7497 | D:8      | Noticed a two-headed ogre
  7507 | D:8      | Killed a two-headed ogre
  8102 | D:8      | Reached * piety under Ashenzari
  8251 | D:8      | Found a hazy altar of Hepliaklqana.
  8315 | D:9      | Found Felemo's Antique Armour Shoppe.
  8461 | D:9      | Bought an embroidered scarf for 168 gold pieces
  8461 | D:9      | Bought a runed buckler for 157 gold pieces
  8530 | D:9      | Reached skill level 1 in Shields
  8675 | D:9      | Found a roughly hewn altar of Beogh.
  8980 | D:9      | Found a shimmering altar of Xom.
  8991 | D:9      | Found a shimmering altar of Xom.
  8992 | D:9      | Found a shimmering altar of Xom.
  9022 | D:9      | Found a shimmering altar of Xom.
  9024 | D:9      | Found a shimmering altar of Xom.
  9061 | D:9      | Reached skill level 5 in Shields
  9066 | D:9      | Noticed a two-headed ogre
  9097 | D:9      | Killed a two-headed ogre
  9097 | D:9      | Reached skill level 3 in Fighting
  9097 | D:9      | Gained mutation: Your flesh is heat resistant. (rF+) [demonic ancestry]
  9097 | D:9      | Reached XP level 11. HP: 74/74 MP: 11/11
  9175 | D:9      | Reached skill level 4 in Fighting
  9293 | D:9      | Noticed loom's ghost (novice DrTm)
  9295 | D:9      | Found a runed gate.
  9295 | D:9      | Found a runed gate.
  9295 | D:9      | Found a runed gate.
  9300 | D:9      | Noticed neozumm's ghost (novice GrFi)
  9332 | D:9      | Killed loom's ghost
  9332 | D:9      | Reached skill level 5 in Fighting
  9353 | D:9      | Killed neozumm's ghost
  9567 | D:9      | Found Qouh's Assorted Antiques.
  9632 | D:9      | Reached skill level 6 in Fighting
  9705 | D:10     | Entered Level 10 of the Dungeon
 10332 | D:10     | Found a hide-covered altar of Uskayaw.
 10385 | D:10     | Reached ** piety under Ashenzari
 10386 | D:10     | Noticed a two-headed ogre
 10415 | D:10     | Killed a two-headed ogre
 10415 | D:10     | Reached skill level 7 in Fighting
 10828 | D:10     | Found Ulyudu's Gadget Boutique.
 10860 | D:11     | Noticed a death knight
 10860 | D:11     | Noticed a four-headed hydra
 10939 | D:11     | Noticed a two-headed ogre
 10944 | D:11     | Noticed an orc knight
 11065 | D:11     | Found a stormy altar of Qazlal.
 11066 | D:11     | Noticed a two-headed ogre
 11077 | D:11     | Killed a two-headed ogre
 11077 | D:11     | Reached skill level 8 in Fighting
 11136 | D:11     | Noticed Erolcha
 11156 | D:11     | Killed Erolcha
 11156 | D:11     | Reached skill level 9 in Fighting
 11522 | D:10     | Killed a two-headed ogre
 11840 | D:11     | Noticed a six-headed hydra
 12180 | D:11     | Reached skill level 10 in Fighting
 12347 | D:11     | Killed a death knight
 12347 | D:11     | Reached XP level 12. HP: 60/96 MP: 6/12
 12601 | D:11     | Reached skill level 5 in Dodging
 13102 | D:11     | Noticed a deep troll earth mage
 13151 | D:11     | Killed a deep troll earth mage
 13370 | D:11     | Noticed a centaur warrior
 13392 | D:11     | Killed a centaur warrior
 13725 | D:11     | Killed a four-headed hydra
 13752 | D:11     | Identified the +1 leather armour "Vubbupopt" {Dex+2} (You took it off a kobold demonologist on level 11 of the Dungeon)
 13826 | D:11     | Noticed a two-headed ogre
 13840 | D:11     | Killed a two-headed ogre
 14117 | D:11     | Noticed a queen ant
 14160 | D:11     | Killed a queen ant
 14160 | D:11     | Reached skill level 10 in Dodging
 14866 | D:11     | Found a runed door.
 14867 | D:11     | Noticed a fire giant
 14868 | D:11     | Noticed PikkenKukken's ghost (journeyman KoBe)
 14894 | D:11     | Found a staircase to the Lair.
 15233 | D:11     | Killed a fire giant
 15233 | D:11     | Gained mutation: You regenerate magic rapidly. [demonic ancestry]
 15233 | D:11     | Reached XP level 13. HP: 54/102 MP: 6/13
 15262 | D:11     | Killed PikkenKukken's ghost
 15464 | Lair:1   | Entered Level 1 of the Lair of Beasts
 15741 | Lair:1   | Reached skill level 10 in Armour
 16293 | Lair:2   | Reached *** piety under Ashenzari
 17682 | D:12     | Found a staircase to the Orcish Mines.
 17732 | D:12     | Reached **** piety under Ashenzari
 18236 | Orc:1    | Entered Level 1 of the Orcish Mines
 18469 | Orc:1    | Found Quhes's Distillery.
 18477 | Orc:1    | Bought 3 potions of heal wounds for 240 gold pieces
 18477 | Orc:1    | Bought a potion of heal wounds for 80 gold pieces
 18546 | Orc:2    | Entered Level 2 of the Orcish Mines
 18546 | Orc:2    | Noticed Josephine
 18640 | Orc:2    | Found a staircase to the Elven Halls.
 18665 | Orc:1    | Killed Josephine
 19075 | Orc:2    | Found Piahang's Magic Scroll Shoppe.
 19075 | Orc:2    | Found Moshuded's Food Shop.
 19076 | Orc:2    | Found Zuvusyop's Distillery.
 19078 | Orc:2    | Found Fyecsudd's Gadget Shop.
 19621 | Orc:2    | Reached XP level 14. HP: 79/109 MP: 12/14
 19982 | Orc:2    | Bought a scroll of blinking for 135 gold pieces
 19982 | Orc:2    | Bought a scroll of blinking for 135 gold pieces
 19982 | Orc:2    | Bought a scroll of identify for 36 gold pieces
 19991 | Orc:2    | Bought 2 potions of curing for 72 gold pieces
 19991 | Orc:2    | Bought a potion of heal wounds for 60 gold pieces
 19991 | Orc:2    | Bought a potion of flight for 36 gold pieces
 19991 | Orc:2    | Bought a potion of might for 48 gold pieces
 19991 | Orc:2    | Bought a potion of agility for 48 gold pieces
 19991 | Orc:2    | Bought a potion of haste for 120 gold pieces
 19991 | Orc:2    | Bought a potion of heal wounds for 60 gold pieces
 20133 | D:9      | Bought a potion of heal wounds for 190 gold pieces
 20202 | Orc:1    | Bought a potion of heal wounds for 80 gold pieces
 20202 | Orc:1    | Bought 2 potions of curing for 96 gold pieces
 20202 | Orc:1    | Bought a potion of haste for 160 gold pieces
 20202 | Orc:1    | Bought a potion of curing for 48 gold pieces
 20202 | Orc:1    | Bought 2 potions of curing for 96 gold pieces
 20202 | Orc:1    | Bought a potion of haste for 160 gold pieces
 20202 | Orc:1    | Bought a potion of might for 64 gold pieces
 20202 | Orc:1    | Bought a potion of might for 64 gold pieces
 20297 | D:9      | Bought a glowing plate armour for 546 gold pieces
 20803 | Lair:3   | Identified the +8 falchion of Idusiohocw {slice, rC+ Str+5 Dex+4}
 21654 | Lair:4   | Found a frozen archway.
 21671 | IceCv    | Entered an ice cave
 21948 | IceCv    | Identified the cursed +1 hand axe of Articulation {chop, +Rage rF+ MP+9}
 21948 | IceCv    | Identified the ring of Tejeon {rN+ Str+2}
 22094 | Lair:4   | Found a hole to the Spider Nest.
 22323 | Lair:4   | Found a staircase to the Swamp.
 22326 | Lair:4   | Reached ***** piety under Ashenzari
 22357 | Lair:4   | Noticed Kirke
 22389 | Lair:4   | Killed Kirke
 22935 | Lair:5   | Found a runed gate.
 22935 | Lair:5   | Found a runed gate.
 22935 | Lair:5   | Found a runed gate.
 22956 | Lair:5   | Noticed aragog127's ghost (journeyman GrFi)
 22973 | Lair:5   | Reached skill level 15 in Maces & Flails
 23063 | Lair:5   | Found a staircase to the Slime Pits.
 23584 | Lair:5   | Reached XP level 15. HP: 99/116 MP: 12/15
 23639 | Lair:5   | Cast into level 1 of the Abyss (meliai)
 23771 | Abyss:1  | Reached skill level 11 in Fighting
 23828 | Abyss:1  | Paralysed by accursed screaming for 1 turns
 23835 | Abyss:1  | Paralysed by accursed screaming for 1 turns
 23848 | Abyss:1  | Noticed a tentacled starspawn
 23863 | Abyss:1  | Killed a tentacled starspawn
 24292 | Abyss:1  | Reached skill level 12 in Fighting
 24478 | Abyss:1  | Noticed a hellephant
 24506 | Lair:5   | Escaped the Abyss
 25006 | Lair:6   | Entered Level 6 of the Lair of Beasts
 25193 | Lair:6   | Noticed Snorg
 25204 | Lair:5   | Killed Snorg
 25240 | Lair:5   | Reached skill level 13 in Fighting
 25367 | Lair:6   | Paralysed by a hornet for 3 turns
 25883 | Lair:6   | Reached skill level 14 in Fighting
 26718 | Lair:6   | Reached ****** piety under Ashenzari
 26937 | Lair:6   | Found a runed door.
 27101 | Lair:6   | Reached XP level 16. HP: 96/133 MP: 13/16
 28175 | D:13     | Noticed Nessos
 28188 | D:13     | Killed Nessos
 28254 | D:13     | Noticed Urug
 28269 | D:13     | Killed Urug
 28306 | D:13     | Found a radiant altar of Vehumet.
 28592 | D:14     | Noticed Azrael
 28636 | D:14     | Killed Azrael
 28743 | D:14     | Found a gate to the Vaults.
 28861 | D:14     | Noticed Frances
 28896 | D:14     | Killed Frances
 29129 | D:14     | Noticed Roxanne
 29187 | D:14     | Killed Roxanne
 29417 | D:14     | Reached skill level 1 in Ice Magic
 29597 | D:15     | Entered Level 15 of the Dungeon
 29936 | D:15     | Reached skill level 5 in Ice Magic
 30006 | D:15     | Identified the ring of Eleomerph {Wiz rC+}
 30029 | D:15     | Learned a level 6 spell: Bolt of Cold
 30039 | D:15     | Learned a level 6 spell: Ozocubu's Refrigeration
 31016 | D:15     | Found a shattered altar of Ashenzari.
 31214 | D:15     | Found a staircase to the Depths.
 31496 | Swamp:1  | Entered Level 1 of the Swamp
 31946 | Swamp:1  | Reached skill level 10 in Ice Magic
 33809 | Swamp:3  | Reached XP level 17. HP: 134/140 MP: 15/17
 33907 | Swamp:3  | Reached skill level 1 in Spellcasting
 34906 | Swamp:3  | Identified the cursed +0 robe "Osauwn" {rCorr}
 35064 | Swamp:4  | Entered Level 4 of the Swamp
 35664 | Swamp:4  | Paralysed by a hornet for 3 turns
 36334 | Swamp:4  | Reached skill level 5 in Spellcasting
 36362 | Swamp:4  | Reached skill level 1 in Conjurations
 36912 | Swamp:3  | Reached skill level 5 in Conjurations
 37080 | Swamp:4  | Got a decaying rune of Zot
 37577 | Vaults:1 | Entered Level 1 of the Vaults
 38066 | Elf:1    | Entered Level 1 of the Elven Halls
 38645 | Elf:1    | Reached XP level 18. HP: 145/147 MP: 25/25
 38771 | Elf:1    | Noticed Louise
 38797 | Elf:1    | Killed Louise
 38892 | Elf:1    | Found the +10 dark maul {crush}
 39131 | Elf:1    | Reached skill level 10 in Conjurations
 39902 | Elf:1    | Identified the Tome of Combat Magic and Creation
 40083 | Elf:2    | Noticed Donald
 40098 | Elf:2    | Killed Donald
 40338 | Elf:2    | Found Xole's Antique Armour Emporium.
 40410 | Elf:2    | Noticed Saint Roka
 42056 | Elf:2    | Killed Saint Roka
 42586 | Elf:2    | Found a huge runed gate.
 42588 | Elf:2    | Found a huge runed gate.
 42591 | Elf:2    | Found a huge runed gate.
 44951 | Elf:3    | Entered Level 3 of the Elven Halls
 45652 | Elf:3    | Identified the +5 glaive "Egg" {chop, MR+}
 45825 | Elf:3    | Reached skill level 10 in Spellcasting
 45843 | Elf:3    | Reached XP level 19. HP: 80/153 MP: 21/33
 47039 | Elf:3    | Reached skill level 15 in Fighting
 47314 | Elf:3    | Noticed a Brimstone Fiend
 47357 | Elf:3    | Noticed a Brimstone Fiend
 47692 | Elf:3    | Identified the +9 long sword "Hydra's Demise" {chaos, rF+ MR+ Int+2 Dex+5} (You took it off a deep elf demonologist on level 3 of the Elven Halls)
 47958 | Elf:3    | Reached skill level 1 in Long Blades
 48526 | Elf:3    | Identified the Compendium of Execration
 48827 | Elf:3    | Learned a level 6 spell: Freezing Cloud
 49153 | Depths:1 | Entered Level 1 of the Depths
 49320 | Depths:1 | Found a gateway to Hell.
 49343 | Depths:1 | Reached skill level 5 in Long Blades
 49702 | D:14     | Reached skill level 16 in Fighting
 50928 | Vaults:1 | Noticed Aizul
 50942 | Vaults:1 | Noticed Aizul
 50942 | Vaults:1 | Aizul changed into Aizul the minotaur
 50944 | Vaults:1 | Noticed Aizul
 50944 | Vaults:1 | Aizul the minotaur changed into Aizul the eight-headed hydra
 51318 | Vaults:1 | Reached skill level 10 in Long Blades
 51637 | Vaults:1 | Reached skill level 1 in Air Magic
 52235 | Vaults:1 | Reached skill level 5 in Air Magic
 52987 | Vaults:1 | Reached XP level 20. HP: 64/164 MP: 23/34
 53400 | Vaults:1 | Noticed a caustic shrike
 53400 | Vaults:1 | an iron dragon changed into a caustic shrike
 53402 | Vaults:1 | a caustic shrike changed into an iron dragon
 53523 | Vaults:1 | Noticed Aizul
 53523 | Vaults:1 | Aizul the 16-headed hydra changed into Aizul the catoblepas
 53524 | Vaults:1 | Killed Aizul the catoblepas
 55066 | Elf:2    | Bought warped pearl dragon scales for 4036 gold pieces
 55066 | Elf:2    | Identified the cursed +1 pearl dragon scales of Xom's Delight {rPois rN+ Regen+ Int+2 Dex-2} (You bought it in a shop on level 2 of the Elven Halls)
 55287 | Vaults:2 | Reached skill level 10 in Air Magic
 57288 | Vaults:3 | Found a gateway to a bazaar.
 57644 | Vaults:3 | Found a staircase to the Crypt.
 57952 | Vaults:3 | Gained mutation: You are immune to clouds of flame. [demonic ancestry]
 57952 | Vaults:3 | Reached XP level 21. HP: 81/171 MP: 4/35
 59428 | Vaults:4 | Learned a level 2 spell: Blink
 59434 | Vaults:4 | Learned a level 5 spell: Silence
 60071 | Vaults:4 | Reached skill level 15 in Long Blades
 60516 | Vaults:4 | Found Vudoh's General Store.
 61310 | Spider:1 | Entered Level 1 of the Spider Nest
 61391 | Spider:1 | Learned a level 4 spell: Throw Icicle
 61711 | Spider:1 | Noticed Nikola
 61723 | Spider:1 | Killed Nikola
 62139 | Spider:1 | Gained mutation: Scrolls take you a little longer to read. [a shining eye]
 62717 | Spider:2 | Found a runed door.
 62717 | Spider:2 | Noticed Qeuwynou's ghost (journeyman MiFi)
 62754 | Spider:2 | Killed Qeuwynou's ghost
 63260 | Spider:3 | Reached XP level 22. HP: 166/178 MP: 24/37
 63301 | Spider:3 | Identified the ring of Mutualism {AC+2 Str+3}
 63461 | Spider:3 | Found a runed door.
 63462 | Spider:3 | Found a shimmering altar of Xom.
 63462 | Spider:3 | Noticed Leguhor's ghost (adept MiFi)
 63500 | Spider:3 | Killed Leguhor's ghost
 63895 | Spider:4 | Entered Level 4 of the Spider Nest
 63946 | Spider:4 | Noticed Mara
 64076 | Spider:4 | Noticed Blackbelt's illusion
 64216 | Spider:4 | Killed Mara
 65549 | Spider:4 | Got a gossamer rune of Zot
 66227 | Depths:1 | Found Pashrusu's Book Shoppe.
 66325 | Depths:1 | Lost mutation: Scrolls take you a little longer to read. [potion of mutation]
 66325 | Depths:1 | Gained mutation: Your mind is acute. (Int +2) [potion of mutation]
 66325 | Depths:1 | Gained mutation: You have a pair of small horns on your head. [potion of mutation]
 66325 | Depths:1 | Gained mutation: Your natural rate of healing is unusually fast. [potion of mutation]
 66325 | Depths:1 | Gained mutation: You are robust. (+10% HP) [potion of mutation]
 66671 | Depths:1 | Found a one-way gate to the infinite horrors of the Abyss.
 67127 | Depths:2 | Reached skill level 17 in Fighting
 67351 | Depths:2 | Gained mutation: When low on magic, you restore magic in place of health. [demonic ancestry]
 67351 | Depths:2 | Reached XP level 23. HP: 185/206 MP: 32/38
 67837 | Depths:2 | Identified a scroll of acquirement
 67845 | Depths:2 | Got the cursed hat of Sorurch {rF- rN+ MR++}
 67851 | Depths:2 | Identified the cursed +0 hat of Sorurch {rF- rN+ MR++} (You acquired it on level 2 of the Depths)
 69371 | Depths:3 | Identified the ring of Tenup {*Tele SInv}
 69379 | Depths:3 | Upgraded the game from 0.22-a0-565-gfc6459a524 to 0.22-a0-580-gd5db89c09a
 69872 | Depths:3 | Noticed a caustic shrike
 69895 | Depths:3 | Reached skill level 18 in Fighting
 70119 | Depths:3 | a caustic shrike changed into a shadow dragon
 70634 | Depths:3 | Found a runed door.
 70851 | Depths:3 | Noticed a juggernaut
 70865 | Depths:3 | Killed a juggernaut
 71373 | Depths:3 | Noticed a caustic shrike
 71373 | Depths:3 | a sphinx changed into a caustic shrike
 71376 | Depths:3 | Killed a caustic shrike
 71614 | Depths:3 | Reached skill level 19 in Fighting
 71850 | Depths:3 | Found a gateway to a ziggurat.
 71850 | Depths:3 | Found a one-way gate leading to the halls of Pandemonium.
 71863 | Depths:3 | Identified the Papyrus of Flames and Earth
 71914 | Depths:3 | Identified Sif Muna's Grimoire of Sinister Venom
 71956 | Depths:3 | Identified the Collected Works on Gliding Clay
 72114 | Depths:4 | Reached XP level 24. HP: 209/221 MP: 38/38
 72909 | Depths:4 | Reached skill level 15 in Armour
 73477 | Depths:5 | Entered Level 5 of the Depths
 73477 | Depths:5 | Noticed a juggernaut
 73484 | Depths:4 | Noticed a shard shrike
 73484 | Depths:4 | a juggernaut changed into a shard shrike
 73490 | Depths:4 | Killed a shard shrike
 75132 | Depths:5 | Found a gate to the Realm of Zot.
 75644 | Crypt:1  | Entered Level 1 of the Crypt
 77578 | Crypt:2  | Found a magical portal.
 77606 | WizLab   | Entered Iskenderun's Mystic Tower
 78084 | WizLab   | Gained mutation: You regenerate health from kills. [demonic ancestry]
 78084 | WizLab   | Reached XP level 25. HP: 221/222 MP: 38/38
 78431 | WizLab   | Identified Iskenderun's Volume of Confrontation
 78431 | WizLab   | Identified Iskenderun's Tome of Arcane Weapons
 78431 | WizLab   | Identified the Collected Works on Fire
 78881 | Crypt:2  | Noticed Jorgrun
 78888 | Crypt:2  | Killed Jorgrun
 79001 | Crypt:2  | Reached skill level 15 in Dodging
 79001 | Crypt:2  | Gained mutation: You regenerate a lot of health from kills. [demonic ancestry]
 79001 | Crypt:2  | Reached XP level 26. HP: 231/231 MP: 38/38
 79196 | Crypt:3  | Entered Level 3 of the Crypt
 79465 | Crypt:3  | Found an ancient bone altar of Kikubaaqudgha.
 79717 | Crypt:3  | Identified the cursed +0 pair of boots "Qehonos" {rF+}
 80026 | Crypt:3  | Identified the +8 scimitar "Viubuff" {slice, Int+3 Dex-3 SInv}
 80230 | Crypt:3  | Noticed Jory
 80413 | Crypt:3  | Killed Jory
 80465 | Crypt:3  | Found a staircase to the Tomb.
 80470 | Crypt:3  | Identified the cursed +1 robe of Saimmec {rElec rF+}
 80775 | Bazaar   | Entered a bazaar
 80779 | Bazaar   | Found Huvo's Jewellery Boutique.
 80798 | Bazaar   | Found Kier's Antique Weapon Emporium.
 80816 | Bazaar   | Found Yxkuisch's Weapon Boutique.
 80834 | Bazaar   | Found Noppit's Magic Scroll Shoppe.
 80839 | Bazaar   | Bought a scroll of enchant weapon for 90 gold pieces
 80839 | Bazaar   | Bought a scroll of fog for 24 gold pieces
 80839 | Bazaar   | Bought a scroll of teleportation for 36 gold pieces
 80839 | Bazaar   | Bought a scroll of fog for 24 gold pieces
 80839 | Bazaar   | Bought a scroll of teleportation for 36 gold pieces
 80839 | Bazaar   | Bought a scroll of summoning for 114 gold pieces
 80839 | Bazaar   | Bought a scroll of fear for 42 gold pieces
 80839 | Bazaar   | Bought a scroll of enchant weapon for 90 gold pieces
 81164 | Elf:2    | Bought jewelled swamp dragon scales for 2145 gold pieces
 81164 | Elf:2    | Identified the +6 swamp dragon scales of the Alphagorgon {rPois rF+} (You bought it in a shop on level 2 of the Elven Halls)
 81164 | Elf:2    | Bought a faintly glowing chain mail for 370 gold pieces
 81164 | Elf:2    | Identified the cursed +1 chain mail of Polish {rPois rF- rN++ Int+4} (You bought it in a shop on level 2 of the Elven Halls)
 81465 | Vaults:5 | Entered Level 5 of the Vaults
 81465 | Vaults:5 | Noticed Bai Suzhen
 81530 | Vaults:4 | Killed Bai Suzhen
 82078 | Vaults:5 | Identified the +3 flail of Xom's Condemnation {flame, rPois Int+3} (You took it off an ogre mage on level 5 of the Vaults)
 82085 | Vaults:5 | Reached skill level 10 in Shields
 82088 | Vaults:5 | Gained mutation: You can hurl damnation. [demonic ancestry]
 82088 | Vaults:5 | Reached XP level 27. HP: 222/238 MP: 38/38
 82336 | Vaults:5 | Identified the cursed +0 scale mail of Decompression {Int+3 Slay+5}
 82508 | Vaults:5 | Learned a level 3 spell: Regeneration
 82579 | Vaults:5 | Noticed Sojobo
 82585 | Vaults:5 | Killed Sojobo
 82599 | Vaults:5 | Noticed an ancient lich
 82640 | Vaults:5 | Killed an ancient lich
 82671 | Vaults:5 | Identified the cursed +0 leather armour of Impeorch {Str+6 Int+2 Dex+6} (You took it off a deep elf demonologist on level 5 of the Vaults)
 82697 | Vaults:5 | Identified the +7 hand axe of Forced Transition {venom, Str+4} (You took it off a yaktaur captain on level 5 of the Vaults)
 82715 | Vaults:5 | Identified the cursed +0 halberd of Resourcefulness {chop, rElec rN+} (You took it off a vault sentinel on level 5 of the Vaults)
 83013 | Vaults:5 | Identified the +5 plate armour "Yshroox" {Int+4}
 83089 | Vaults:5 | Identified the +8 longbow "Uschai" {freeze, Fragile rElec MR+ SInv} (You took it off an orc on level 5 of the Vaults)
 83231 | Vaults:5 | Noticed an ancient lich
 83247 | Vaults:5 | Killed an ancient lich
 83249 | Vaults:5 | Identified the +1 shortbow of the Vaults {speed, MP+9 Int+5}
 83266 | Vaults:5 | Got a silver rune of Zot
 83589 | Vaults:5 | Identified the +5 ring mail "Hero's Friend" {rF+ rN+ Stlth+}
 84107 | Slime:1  | Entered Level 1 of the Pits of Slime
 84110 | Slime:1  | Reached skill level 15 in Shields
 84457 | Slime:5  | Entered Level 5 of the Pits of Slime
 84727 | Slime:5  | Lost mutation: You are robust. (+10% HP) [a shining eye]
 84728 | Slime:5  | Gained mutation: You are occasionally teleported next to monsters. [a shining eye]
 84866 | Slime:5  | Found a viscous altar of Jiyva.
 84874 | Slime:5  | Noticed the Royal Jelly
 84887 | Slime:5  | Identified the cursed +3 dagger "Sudett" {pierce, Fragile rN+ Str+6}
 84887 | Slime:5  | Found the +8 lance "Wyrmbane" {slay drac, rPois rF+ rC+ AC+3}
 84893 | Slime:5  | Killed the Royal Jelly
 84895 | Slime:5  | Identified the +11 fustibalus of Orheskur {freeze, rElec MR+ Str-3}
 84935 | Slime:5  | Identified the ring of Alusk {Wiz rF+}
 84941 | Slime:5  | Identified Wuefus's Reference Book on Dark Rites and Calling
 84999 | Slime:5  | Got a slimy rune of Zot
 85038 | Slime:5  | Identified the Papyrus of Black Magic
 85055 | Slime:5  | Lost mutation: Your mind is acute. (Int +2) [potion of mutation]
 85055 | Slime:5  | Lost mutation: You have a pair of small horns on your head. [potion of mutation]
 85055 | Slime:5  | Lost mutation: You are occasionally teleported next to monsters. [potion of mutation]
 85055 | Slime:5  | Lost mutation: Your natural rate of healing is unusually fast. [potion of mutation]
 85055 | Slime:5  | Gained mutation: You are covered in fur. (AC +1) [potion of mutation]
 85055 | Slime:5  | Gained mutation: You occasionally shout uncontrollably at your foes. [potion of mutation]
 85055 | Slime:5  | Gained mutation: You are agile. (Dex +2) [potion of mutation]
 85056 | Slime:5  | Lost mutation: You occasionally shout uncontrollably at your foes. [potion of mutation]
 85056 | Slime:5  | Lost mutation: You are agile. (Dex +2) [potion of mutation]
 85056 | Slime:5  | Gained mutation: You have sharp toenails. [potion of mutation]
 85056 | Slime:5  | Gained mutation: You are somewhat resistant to further mutation. [potion of mutation]
 85056 | Slime:5  | Gained mutation: Your muscles are strong. (Str +2) [potion of mutation]
 85102 | Slime:4  | Gained mutation: You are clumsy. (Dex -2) [a shining eye]
 85104 | Slime:4  | Reached skill level 20 in Fighting
 85105 | Slime:4  | Lost mutation: Your muscles are strong. (Str +2) [potion of mutation]
 85105 | Slime:4  | Lost mutation: You are somewhat resistant to further mutation. [potion of mutation]
 85105 | Slime:4  | Lost mutation: You have sharp toenails. [potion of mutation]
 85105 | Slime:4  | Gained mutation: You have sharp toenails. [potion of mutation]
 85105 | Slime:4  | Gained mutation: Your magical capacity is low. (-10% MP) [potion of mutation]
 85105 | Slime:4  | Gained mutation: You are resistant to hostile enchantments. (MR+) [potion of mutation]
 85106 | Slime:4  | Lost mutation: You are clumsy. (Dex -2) [potion of mutation]
 85106 | Slime:4  | Lost mutation: Your magical capacity is low. (-10% MP) [potion of mutation]
 85106 | Slime:4  | Lost mutation: You are covered in fur. (AC +1) [potion of mutation]
 85106 | Slime:4  | Gained mutation: You are somewhat resistant to further mutation. [potion of mutation]
 85457 | Zot:1    | Entered Level 1 of the Realm of Zot
 86229 | Zot:1    | Reached skill level 21 in Fighting
 87342 | Zot:2    | Reached skill level 22 in Fighting
 87494 | Zot:2    | Identified the +8 hand crossbow of Quavveg {penet, +Blink rC+ rN+}
 87500 | Zot:2    | Found a transporter.
 87503 | Zot:2    | Noticed Eti Unetaam's ghost (legendary SpEn)
 87558 | Zot:2    | Found a transporter.
 88388 | Zot:3    | Reached skill level 23 in Fighting
 88602 | Zot:3    | Reached skill level 5 in Necromancy
 89733 | Zot:3    | Identified the cursed +1 robe of Heresy {rElec Stlth+}
 89740 | Zot:3    | Reached skill level 10 in Necromancy
 90276 | Zot:3    | Identified the ring of Xom's Absentmindedness {*Tele SInv}
 91167 | Zot:4    | Identified the cursed amulet of the Philosopher {RegenMP Int+5} (You acquired it on level 4 of the Realm of Zot)
 91540 | Zot:5    | Entered Level 5 of the Realm of Zot
 91553 | Zot:5    | Identified the cursed +2 buckler "Naagoom" {*Contam +Fly rPois Regen+} (You acquired it on level 5 of the Realm of Zot)
 91760 | Zot:5    | Noticed an orb of fire
 91783 | Zot:5    | Gained mutation: You are dopey. (Int -2) [an orb of fire]
 91800 | Zot:5    | Killed an orb of fire
 91980 | Zot:5    | Noticed an ancient lich
 91993 | Zot:5    | Killed an ancient lich
 92153 | Zot:5    | Reached skill level 15 in Spellcasting
 92169 | Zot:5    | Noticed an ancient lich
 92234 | Zot:5    | Noticed an ancient lich
 92250 | Zot:5    | Killed an ancient lich
 92470 | Zot:5    | Killed an ancient lich
 92471 | Zot:5    | Noticed an ancient lich
 92700 | Zot:5    | Noticed an ancient lich
 92721 | Zot:5    | Killed an ancient lich
 92848 | Zot:5    | Noticed an ancient lich
 92862 | Zot:5    | Killed an ancient lich
 92925 | Zot:5    | Killed an ancient lich
 93024 | Zot:5    | Noticed an orb of fire
 93045 | Zot:5    | Gained mutation: Your system is resistant to poisons. (rPois) [an orb of fire]
 93061 | Zot:5    | Killed an orb of fire
 93415 | Zot:5    | Noticed an orb of fire
 93427 | Zot:5    | Gained mutation: You are frail. (-10% HP) [an orb of fire]
 93439 | Zot:5    | Gained mutation: Your spells are a little easier to cast, but a little less powerful. [an orb of fire]
 93442 | Zot:5    | Killed an orb of fire
 93969 | Zot:5    | Got the Orb of Zot
 94158 | Depths:4 | Noticed Lovvuun the pandemonium lord
 94629 | D:$      | Escaped with the Orb!

Vault maps used:
D:1:      minmay_arrival_stone_box, minmay_misc_feat_doors
D:2:      tgw_fedhas, grunt_qazlal_sundering, nemelex_xobeh_ov_fountains_minmay,
          uniq_terence
D:3:      corexii_shack_village, chequers_ecumenical_altar_simple,
          minmay_strange_pillars
D:4:      nicolae_overflow_crystal_walls, first_ration, uniq_pikel
D:5:      chequers_temple_overflow_minitemple, kennysheep_generic_room_13
D:6:      kennysheep_small_spiral, uniq_grinder, uniq_sigmund, uniq_edmund,
          uniq_blork_the_orc
D:7:      kennysheep_big_flooded_room, minmay_temple_entry_purple_smoke,
          minmay_misc_feat_tiny
D:8:      marbit_many_paths
D:9:      xom_redecorated, gammafunk_ghost_cemetery, special_room, serial_shops,
          kennysheep_mini, nicolae_shop_crystal
D:10:     serial_shops, kennysheep_mini_moat, basic_altar
D:11:     minmay_the_grid_square_5x5_5x5_mashed, ebering_ghost_inner_flame,
          basic_altar, hangedman_little_slice_of_home,
          kennysheep_decorative_pillar, zaba_antful_of_joy, uniq_erolcha
D:12:     erik_orc_4
D:13:     basic_altar, uniq_urug, uniq_nessos
D:14:     erik_vaults_1, uniq_roxanne, uniq_frances, uniq_azrael
D:15:     gammafunk_enter_depths_forms, hangedman_decor_opposing,
          minmay_misc_feat_cross, ashenzari_altar_1
Temple:   cyrus_circular_temple
Lair:1:   grunt_megastairs_3, lemuel_fruit_tree
Lair:2:   serial_bayou_lagoon_a
Lair:4:   minmay_swamp_entry_reptiles, spider_nest_entry_webs,
          portal_ice_cave_demonic_guard, grunt_megastairs_1, uniq_kirke
Lair:5:   regret_index_bee_streams, nicolae_slime_entry_slimehenge,
          maelrawn_ghost_labyrinth_escape, beast_lair_carwin_2
Lair:6:   wormcave, hangedman_lair_tendril_chambers, minivault_11, uniq_snorg
Swamp:1:  nicolae_swamp_fairy_circle
Swamp:2:  nicolae_swamp_rocky_clearing, swamp_pool1
Swamp:3:  evilmike_swamp_ruin_house_2
Swamp:4:  swamp_basic_johnstein
Spider:1: uniq_nikola
Spider:2: ebering_ghost_inner_flame, nicolae_spider_cling_ruins
Spider:3: lemuel_spider_zombies, ebering_ghost_xom
Spider:4: spider_rune_water, uniq_mara
Orc:1:    serial_shops, shop_statue
Orc:2:    st_orc_elflike, uniq_josephine
Elf:1:    elf_arrival_002, minmay_elf_sorcery, uniq_louise
Elf:2:    serial_shops, shop, lemuel_elevator, uniq_donald, uniq_saint_roka
Elf:3:    minmay_elf_hall_not_hex, abandoned_shop
Vaults:1: st_greater_box_5, v_alt_pattern_6, v_misc_15,
          nicolae_vaults_border_crossing, hangedman_vaults_locks,
          ontoclasm_vaults_ring_small, nicolae_vaults_network_quinsquares,
          hangedman_vaults_corner_blocks, v_misc_14, v_misc_10,
          vaults_dpeg_hooks, uniq_aizul
Vaults:2: v_misc_22, v_misc_33, vaults_room_door_ring, hangedman_vaults_trim,
          nicolae_vaults_little_squares_3, vaults_dpeg_ring,
          ontoclasm_vaults_shout
Vaults:3: v_misc_23, v_misc_12, minmay_crypt_entry_vampire_xt, st_hourglassy,
          ontoclasm_vaults_pinch, vaults_room_stairs_pillars,
          nicolae_vaults_little_ls, nicolae_vaults_bisected_exclaves,
          vaults_dpeg_cross, nicolae_vaults_alarming,
          nicolae_vaults_windows_and_doors_thing, vaults_room_pool,
          serial_shops, statue_bzr
Vaults:4: vaults_mumra_lcd, vaults_mumra_hex, v_misc_30,
          hangedman_vaults_stretched_pinwheel, dpeg_vaults_monster_row,
          nicolae_vaults_three_branches, nicolae_vaults_mini_display_case,
          ontoclasm_vaults_ring_large, nicolae_vaults_circle_grid_a,
          vaults_room_door_ring, vaults_standard_mumra_enter_the_diamond,
          serial_shops, shop
Vaults:5: uniq_sojobo, uniq_bai_suzhen
Crypt:1:  minivault_4, serial_sigils_hangedman_scar
Crypt:2:  mu_enter_wizlab_3, skrybe_necro_troll_2, uniq_jorgrun
Crypt:3:  grunt_crypt_end_deaths_head
Depths:1: hell_entry, hangedman_decor_clover_reticule, serial_shops, shop,
          abyss_entry, lemuel_freeze_loot_1, kennysheep_random_hallway
Depths:2: hourglass_vault, serial_curves, eino_curves_04, eino_curves_04,
          hell_entry, minmay_metal_thing
Depths:3: box_level_dp, hell_entry, pan_entry
Depths:4: kennysheep_funnel, grunt_hell_entry_dis_mu, grunt_pan_entry_spiral,
          hangedman_abyss_or_decor_clamps, abyss_entry, st_stairs_7,
          serial_bayou_shore_b, infiniplex_staircase_pool_2
Depths:5: evilmike_zot_entry_argh, hell_entry, lemuel_nasty_fountain
Zot:1:    lemuel_firehouse
Zot:2:    gammafunk_ghost_mausoleum
Zot:3:    minmay_elemental_castle, nicolae_lava_and_water
Zot:4:    kennysheep_oblong_rooms
Bazaar:   bazaar_jpeg_circle_common
IceCv:    ice_cave_statue_garden_chambered
WizLab:   wizlab_iskenderun

Skill      XL: |  1  2  3  4  5  6  7  8  9 10 11 12 13 14 15 16 17 18 19 20 21 22 23 24 25 26 27 |
---------------+----------------------------------------------------------------------------------+-----
Maces & Flails | 3 4 5 6 8 9 11 12 15 11 | 11.3
Armour         | 5 8 9 12 13 14 16 17 18 | 18.1
Shields        | 5 10 16 | 16.1
Fighting       | 3 10 14 16 17 19 23 | 23.0
Dodging        | 4 10 11 14 15 16 | 16.4
Ice Magic      | 11 13 | 13.9
Spellcasting   | 5 10 11 18 | 18.8
Conjurations   | 9 10 | 10.1
Long Blades    | 11 13 16 18 19 20 | 20.0
Air Magic      | 7 11 | 11.7
Necromancy     | 12 | 12.5
Throwing       | |  1.7

Action                   |  1- 3 |  4- 6 |  7- 9 | 10-12 | 13-15 | 16-18 | 19-21 | 22-24 | 25-27 || total
-------------------------+-------+-------+-------+-------+-------+-------+-------+-------+-------++-------
Melee: Flail             |    97 |       |     1 |       |       |       |       |       |       ||    98
       Whip              |    18 |   163 |   326 |  1155 |   110 |       |       |       |       ||  1772
       Morningstar       |       |       |       |       |  2008 |  2345 |       |       |       ||  4353
       Eveningstar       |       |       |       |       |       |   174 |   135 |       |       ||   309
       Triple sword      |       |       |       |       |       |       |  1800 |  1750 |   491 ||  4041
       Headbutt          |       |       |       |       |       |       |       |   460 |   560 ||  1020
       Demon blade       |       |       |       |       |       |       |       |       |  2647 ||  2647
Throw: Throwing net      |     1 |       |     3 |    10 |       |     8 |     1 |       |     1 ||    24
 Cast: Ozocubu's Refrige |       |       |       |       |       |    12 |     7 |       |       ||    19
       Bolt of Cold      |       |       |       |       |       |    26 |    28 |     9 |       ||    63
       Freezing Cloud    |       |       |       |       |       |       |    36 |    82 |    78 ||   196
       Throw Icicle      |       |       |       |       |       |       |    30 |    11 |    14 ||    55
       Blink             |       |       |       |       |       |       |     1 |       |     5 ||     6
       Regeneration      |       |       |       |       |       |       |       |       |    18 ||    18
       Silence           |       |       |       |       |       |       |       |       |     1 ||     1
Invok: Curse Item        |       |       |     2 |     2 |     4 |     3 |     1 |       |     3 ||    15
       Scrying           |       |       |       |       |     3 |     1 |       |       |     1 ||     5
       Transfer Knowledg |       |       |       |       |       |       |     1 |       |       ||     1
 Abil: Hurl Damnation    |       |       |       |       |       |       |       |       |    32 ||    32
Evoke: Wand              |       |       |     2 |    23 |     7 |    16 |     4 |     9 |     7 ||    68
  Use: Scroll            |       |       |    12 |     9 |    11 |    16 |    15 |     5 |    15 ||    83
       Potion            |       |       |     1 |     6 |     1 |     8 |    12 |     9 |    22 ||    59
 Stab: Held in net/web   |     1 |       |     3 |     8 |       |     4 |     1 |     1 |       ||    18
       Confused          |       |       |       |     3 |       |     2 |       |       |       ||     5
       Invisible         |       |       |       |       |     9 |       |       |       |       ||     9
       Petrified         |       |       |       |       |     2 |       |       |       |       ||     2
       Distracted        |       |       |       |       |     1 |       |       |       |     3 ||     4
       Paralysed         |       |       |       |       |       |     2 |       |       |       ||     2
  Eat: Chunk             |     2 |     7 |    17 |    23 |    34 |    20 |    39 |    43 |    32 ||   217
       Ration            |       |       |       |       |     2 |    18 |    17 |    13 |    20 ||    70
Armor: Leather armour    |    38 |       |       |       |       |       |       |       |       ||    38
       Plate armour      |     8 |    66 |    93 |   299 |   843 |  1119 |   523 |       |       ||  2951
       Skin              |       |       |     3 |       |       |       |       |       |       ||     3
       Pearl dragon scal |       |       |       |       |       |       |   573 |   671 |   718 ||  1962
Dodge: Dodged            |   111 |    65 |    84 |   293 |  1112 |   989 |  1673 |  1431 |  1993 ||  7751
Block: Buckler           |       |       |       |   196 |   737 |  1339 |    88 |       |  1733 ||  4093
       Reflection        |       |       |       |       |       |    61 |    13 |    18 |   186 ||   278
       Other             |       |       |       |       |       |       |   330 |   270 |    69 ||   669
       Rpst.: Triple sword |       |       |       |       |       |       |   317 |   250 |   107 ||   674
       Demon blade       |       |       |       |       |       |       |       |       |   272 ||   272

Table legend:
 A = Spawn XP
 B = Non-spawn XP
 C = Spawn XP percentage of total XP
 D = Spawn monster count
 E = Non-spawn monster count
 F = Spawn count percentage of total count
 G = Total turns spent on level
                    A         B        C        D         E        F      G
               +---------+---------+-------+---------+---------+-------+---------
         Total |    8487 | 2061105 |   0.4 |      21 |    3055 |   0.7 | 94629
               +---------+---------+-------+---------+---------+-------+---------
           D:1 |       0 |      67 |   0.0 |       0 |      26 |   0.0 |  1481
           D:2 |       0 |     128 |   0.0 |       0 |      24 |   0.0 |   928
           D:3 |       0 |     182 |   0.0 |       0 |      32 |   0.0 |   734
           D:4 |       0 |     972 |   0.0 |       0 |      17 |   0.0 |  1037
           D:5 |       0 |     860 |   0.0 |       0 |      24 |   0.0 |  1063
           D:6 |       0 |    1859 |   0.0 |       0 |      23 |   0.0 |  1024
           D:7 |       0 |    1450 |   0.0 |       0 |      30 |   0.0 |  1296
           D:8 |       0 |    2504 |   0.0 |       0 |      27 |   0.0 |   874
           D:9 |       0 |    5881 |   0.0 |       0 |      67 |   0.0 |  1489
          D:10 |       0 |    3062 |   0.0 |       0 |      19 |   0.0 |  2153
          D:11 |       0 |   23943 |   0.0 |       0 |     131 |   0.0 |  3871
          D:12 |       0 |    6663 |   0.0 |       0 |      40 |   0.0 |  1477
          D:13 |       0 |    6279 |   0.0 |       0 |      20 |   0.0 |   997
          D:14 |       0 |   22648 |   0.0 |       0 |      51 |   0.0 |  2560
          D:15 |       0 |   18636 |   0.0 |       0 |      50 |   0.0 |  2222
        Lair:1 |       0 |    3567 |   0.0 |       0 |      19 |   0.0 |  1049
        Lair:2 |       0 |    4945 |   0.0 |       0 |      22 |   0.0 |  1283
        Lair:3 |       0 |    9688 |   0.0 |       0 |      37 |   0.0 |  1306
        Lair:4 |       0 |    8525 |   0.0 |       0 |      32 |   0.0 |  1288
        Lair:5 |       0 |   17712 |   0.0 |       0 |      80 |   0.0 |  1626
        Lair:6 |       0 |   31989 |   0.0 |       0 |      89 |   0.0 |  2116
       Swamp:1 |       0 |   10647 |   0.0 |       0 |      36 |   0.0 |   974
       Swamp:2 |       0 |    6471 |   0.0 |       0 |      18 |   0.0 |  1343
       Swamp:3 |       0 |   24206 |   0.0 |       0 |      61 |   0.0 |  1883
       Swamp:4 |       0 |   27329 |   0.0 |       0 |      70 |   0.0 |  1703
      Spider:1 |       0 |   21656 |   0.0 |       0 |      51 |   0.0 |  1084
      Spider:2 |       0 |   15467 |   0.0 |       0 |      46 |   0.0 |   731
      Spider:3 |       0 |   16942 |   0.0 |       0 |      38 |   0.0 |   929
      Spider:4 |       0 |   51115 |   0.0 |       0 |      93 |   0.0 |  1687
       Slime:1 |       0 |   15362 |   0.0 |       0 |      23 |   0.0 |    74
       Slime:2 |       0 |    7497 |   0.0 |       0 |       8 |   0.0 |    77
       Slime:3 |       0 |    4695 |   0.0 |       0 |      13 |   0.0 |    57
       Slime:4 |       0 |    5941 |   0.0 |       0 |      16 |   0.0 |   182
       Slime:5 |       0 |   47871 |   0.0 |       0 |      38 |   0.0 |   641
         Orc:1 |       0 |    4873 |   0.0 |       0 |      28 |   0.0 |   812
         Orc:2 |       0 |   11319 |   0.0 |       0 |      54 |   0.0 |  1485
         Elf:1 |       0 |   40055 |   0.0 |       0 |      62 |   0.0 |  3483
         Elf:2 |       0 |   48878 |   0.0 |       0 |      73 |   0.0 |  3565
         Elf:3 |       0 |   49802 |   0.0 |       0 |      42 |   0.0 |  3572
      Vaults:1 |       0 |   86619 |   0.0 |       0 |     136 |   0.0 |  5103
      Vaults:2 |       0 |   47742 |   0.0 |       0 |      79 |   0.0 |  2003
      Vaults:3 |       0 |   75643 |   0.0 |       0 |     117 |   0.0 |  2472
      Vaults:4 |       0 |   75329 |   0.0 |       0 |      87 |   0.0 |  1859
      Vaults:5 |       0 |  158879 |   0.0 |       0 |     116 |   0.0 |  1943
       Crypt:1 |       0 |   27756 |   0.0 |       0 |      36 |   0.0 |  1833
       Crypt:2 |       0 |   28584 |   0.0 |       0 |      37 |   0.0 |   816
       Crypt:3 |       0 |   84262 |   0.0 |       0 |     127 |   0.0 |  1480
      Depths:1 |       0 |   51366 |   0.0 |       0 |      62 |   0.0 |  1415
      Depths:2 |       0 |   71751 |   0.0 |       0 |      80 |   0.0 |  2407
      Depths:3 |       0 |  105614 |   0.0 |       0 |     112 |   0.0 |  2858
      Depths:4 |       0 |   47712 |   0.0 |       0 |      44 |   0.0 |  1510
      Depths:5 |       0 |   44249 |   0.0 |       0 |      35 |   0.0 |  1804
         Zot:1 |       0 |   72292 |   0.0 |       0 |      69 |   0.0 |  1808
         Zot:2 |       0 |   60620 |   0.0 |       0 |      45 |   0.0 |   852
         Zot:3 |       0 |  118926 |   0.0 |       0 |      66 |   0.0 |  2374
         Zot:4 |       0 |   87214 |   0.0 |       0 |      52 |   0.0 |  1389
         Zot:5 |       0 |  191517 |   0.0 |       0 |      56 |   0.0 |  2238
       Abyss:1 |    8487 |    5629 |  60.1 |      21 |      19 |  52.5 |   867
         IceCv |       0 |    3169 |   0.0 |       0 |      11 |   0.0 |   332
        WizLab |       0 |   34546 |   0.0 |       0 |      39 |   0.0 |   974
               +---------+---------+-------+---------+---------+-------+---------
